 Dungeon Crawl Stone Soup version 0.28-a0-43-g560ac104fe (webtiles) character file.

Game seed: 237101259874898721

11916 Leibowitz the Covert (level 12, -5/73 HPs)
             Began as a Kobold Gladiator on July 28, 2021.
             Was a Believer of Uskayaw.
             Slain by a white ugly thing (21 damage)
             ... on level 11 of the Dungeon.
             The game lasted 00:25:14 (10853 turns).

Leibowitz the Covert (Kobold Gladiator)            Turns: 10853, Time: 00:25:16

Health: -5/73      AC: 22    Str: 17    XL:     12   Next: 13%
Magic:  0/14       EV: 19    Int: 15    God:    Uskayaw [**....]
Gold:   463        SH:  0    Dex: 24    Spells: 11/11 levels left

rFire   x . .      SeeInvis .   a - +3 dagger (venom)
rCold   . . .      Faith    .   (shield restricted)
rNeg    . . .      Spirit   +   b - +5 scale mail "Cosoreus" {Rampage rCorr}
rPois   +          Reflect  .   A - +2 helmet
rElec   .          Harm     .   v - +2 cloak "Suhetze" {rPois rF- Str+6}
rCorr   +          Rampage  +   s - +0 pair of gloves
Will    .....                   (no boots)
Stlth   +++++++...              F - amulet of guardian spirit
HPRegen 0.22/turn               t - +6 ring of intelligence
MPRegen 0.14/turn               (no ring)

@: no status effects
A: small, no large weapons, nightstalker 3, iridescent scales 1, thin skeletal
structure 1
a: Renounce Religion, Stomp, Line Pass


You were on level 11 of the Dungeon.
You worshipped Uskayaw.
Uskayaw was noncommittal.
You visited 2 branches of the dungeon, and saw 10 of its levels.
You also visited: Bailey.

You collected 463 gold pieces.

Inventory:

Hand Weapons
 a - a +3 dagger of venom (weapon)
 f - a +0 rapier
Missiles
 d - 2 throwing nets (quivered)
 e - a curare-tipped dart
 l - 60 poisoned darts
Armour
 b - the +5 scale mail "Cosoreus" (worn) {Rampage rCorr}
   (You found it on level 4 of the Dungeon)

   rCorr:     It protects you from acid and corrosion.
   Rampage:   It bestows one free step when moving towards enemies.
 c - a +0 helmet
 r - the +1 robe of Evolution {rElec Str+3}
   (You found it on level 4 of the Dungeon)

   Str:       It affects your strength (+3).
   rElec:     It insulates you from electricity.
 s - a +0 pair of gloves (worn)
 v - the +2 cloak "Suhetze" (worn) {rPois rF- Str+6}
   (You found it on level 6 of the Dungeon)

   Str:       It affects your strength (+6).
   rF:        It makes you vulnerable to fire.
   rPois:     It protects you from poison.
 A - a +2 helmet (worn)
Jewellery
 t - a +6 ring of intelligence (left hand)
 F - an amulet of guardian spirit (around neck)
Wands
 n - a wand of digging (5)
 y - a wand of iceblast (10)
 D - a wand of mindburst (12)
 I - a wand of polymorph (11)
Scrolls
 g - 2 scrolls of magic mapping
 i - 2 scrolls of noise {unknown}
 j - a scroll of brand weapon {unknown}
 k - 5 scrolls of teleportation {unknown}
 m - 11 scrolls of identify {unknown}
 p - 2 scrolls of enchant armour {unknown}
 w - a scroll of immolation {unknown}
 x - a scroll of blinking {unknown}
 B - 2 scrolls of torment {unknown}
 C - 2 scrolls of fog {unknown}
 E - 2 scrolls of amnesia {unknown}
Potions
 h - a potion of attraction {unknown}
 o - 2 potions of flight {unknown}
 q - 5 potions of heal wounds {unknown}
 u - a potion of curing {unknown}
 z - a potion of degeneration {unknown}
 G - a potion of brilliance
 H - a potion of resistance {unknown}


   Skills:
 * Level 8.1 Fighting
 * Level 11.4 Short Blades
 - Level 0.6(1.9) Slings
 + Level 3.1(3.2) Throwing
 + Level 5.1 Armour
 * Level 9.5 Dodging
 * Level 14.2 Stealth
 + Level 2.7 Invocations
 + Level 3.3 Evocations


You had 11 spell levels left.
You didn't know any spells.
Your spell library contained the following spells:

 Spells                   Type           Power      Damage    Failure   Level
 Beastly Appendage        Tmut           0%         N/A       63%         1
 Slow                     Hex            0%         N/A       77%         2
 Wereblood                Tmut           0%         N/A       77%         2
 Confusing Touch          Hex            0%         N/A       94%         3
 Spider Form              Tmut/Pois      0%         N/A       94%         3
 Summon Guardian Golem    Hex/Summ       0%         N/A       94%         3
 Tukima's Dance           Hex            0%         N/A       94%         3
 Yara's Violent Unravell  Hex/Tmut       0%         3d3       100%        5
 Dragon Form              Tmut           0%         N/A       100%        7
 Orb of Destruction       Conj           0%         N/A       100%        7
 Spellforged Servitor     Conj/Summ      0%         N/A       100%        7
 Discord                  Hex            0%         N/A       100%        8


Dungeon Overview and Level Annotations

Branches:
Dungeon (11/15)            Temple (1/1) D:5             Orc (0/2) D:11
 Bailey (visited)
   Lair: D:8-11

Altars:
Ashenzari
Cheibriados
Dithmenos
Elyvilon
Fedhas
Gozag
Hepliaklqana
Kikubaaqudgha
Makhleb
Nemelex Xobeh
Okawaru
Qazlal
Ru
Sif Muna
Trog
Uskayaw
Vehumet
Wu Jian
Xom
Yredelemnul
Zin
The Shining One


Innate Abilities, Weirdness & Mutations

You are small and have problems with some larger weapons.
You are completely attuned to the shadows.
You are partially covered in iridescent scales. (AC +2)
You have a somewhat thin skeletal structure. (Dex +2, Stealth+)


Message History

You hit the white ugly thing.
The white ugly thing is heavily wounded.
The white ugly thing misses you.
The gnoll sergeant completely misses you.
You closely miss the white ugly thing.
The white ugly thing is severely wounded.
Your scale mail "Cosoreus" prevents you from hitting the white ugly thing.
The white ugly thing is severely wounded.
The white ugly thing tail-slaps you. The white ugly thing freezes you!!
* * * LOW HITPOINT WARNING * * *
The gnoll sergeant hits you but does no damage.
You barely miss the white ugly thing.
The white ugly thing is severely wounded.
You hit the white ugly thing but do no damage.
The white ugly thing is severely wounded.
The white ugly thing tail-slaps you but does no damage.
The gnoll sergeant hits you but does no damage.
You hit the white ugly thing.
The white ugly thing looks as sick as possible!
The white ugly thing is severely wounded.
You hit the white ugly thing.
The white ugly thing looks as sick as possible!
The white ugly thing is severely wounded.
The white ugly thing misses you. The gnoll sergeant closely misses you.
You hit the white ugly thing but do no damage.
The white ugly thing is almost dead.
You hit the white ugly thing but do no damage.
The white ugly thing looks as sick as possible!
The white ugly thing is almost dead.
The white ugly thing tail-slaps you but does no damage.
The gnoll sergeant misses you.
You hit the white ugly thing.
The white ugly thing is almost dead.
You hit the white ugly thing but do no damage.
The white ugly thing looks as sick as possible!
The white ugly thing is almost dead.
The white ugly thing tail-slaps you.
* * * LOW HITPOINT WARNING * * *
The white ugly thing freezes you!!
You die...

,,,,,,,,,,,,.....................
********,,,,.............########
*########.########........ ***
#.♣.♣.♣♣.♣♣.♣.♣.#........ *** *,*
#♣.♣.♣.♣.♣.♣.♣.♣######### ,,* *,*
#.♣.♣.♣...♣.♣.♣.#>,,,,,,,
*****,**#♣.♣.♣.♣.♣.♣.♣.♣#,,,,,,,,
,,**,,,*#.♣.♣.♣♣.♣♣.♣.♣.#*,,,,***
,,**,,,*#######♣@♣#######*,,,,***
,,*,,,,,**,,,**♣u♣*,,,,**,,,,,,,,
,,*,,,,,**,*,,*♣)g..≈≈≈,**+**,,,,
,,*,,≈,,,,,≈≈≈,♣.♣.♣.≈≈,*,,,*,,,,
,,*,,,,,**,,,,,..♣.♣,,***,,,*,,,,
,,*,,,,,*******♣.♣*♣*** *,,,*,,,*
,,**,,,** ******,****** *,,,*,,,,
,,**,,,* **,,,,*,*,,,,***,,,*,,,,
*****,****,,,,*,*,*,,,,***+******


You could see a white ugly thing (extremely poisoned) and a gnoll sergeant.

Vanquished Creatures
  Pikel (D:6)
  An orc knight (D:11)
  A manticore (D:11)
  An ugly thing (D:11)
  Maggie (D:7)
  An unseen horror (D:11)
  2 trolls (D:11)
  Prince Ribbit (D:7)
  Grinder (D:3)
  A wyvern (D:7)
  6 yaks (D:5)
  2 wraiths (D:11)
  An acid dragon (D:11)
  Duvessa (D:6)
  An orc warrior (Bailey)
  An ice beast (D:6)
  A sky beast (D:7)
  4 ogres
  2 lemures (D:6)
  A phantom (D:7)
  Blork the orc (D:6)
  A kobold brigand (D:6)
  A bullfrog (D:8)
  A gnoll sergeant (D:11)
  A wyvern zombie (D:6)
  3 scorpions
  A water moccasin zombie (D:5)
  Dowan (D:6)
  A bullfrog zombie (D:6)
  2 howler monkeys
  3 bullfrog skeletons
  3 jellies
  2 hounds
  2 orc priests
  A gnoll shaman (D:7)
  A centaur skeleton (D:5)
  3 iguanas
  2 orc wizards
  Natasha (thrice) (D:3)
  A hound skeleton (D:5)
  A howler monkey zombie (D:4)
  A howler monkey skeleton (D:7)
  4 gnolls (D:7)
  6 adders
  A shadow imp (D:6)
  A white imp (D:6)
  An ufetubus (D:5)
  2 worms
  4 dart slugs
  54 orcs
  7 bats
  8 endoplasms
  3 giant cockroaches
  8 goblins
  6 hobgoblins
  7 jackals
  3 quokkas
  6 ball pythons
  A frilled lizard (D:3)
  9 kobolds
  A rat (D:1)
199 creatures vanquished.

Notes
Turn   | Place    | Note
-------+----------+-------------------------------------------
     0 | D:1      | Leibowitz the Kobold Gladiator began the quest for the Orb.
     0 | D:1      | Reached XP level 1. HP: 12/12 MP: 1/1
   257 | D:1      | Reached skill level 1 in Stealth
   425 | D:1      | Reached XP level 2. HP: 11/17 MP: 2/2
   712 | D:1      | Reached XP level 3. HP: 18/22 MP: 3/3
   859 | D:1      | Found a faded altar of an unknown god.
  1806 | D:2      | Reached skill level 2 in Stealth
  1806 | D:2      | Reached XP level 4. HP: 27/27 MP: 4/4
  2662 | D:3      | Reached XP level 5. HP: 32/32 MP: 5/5
  2672 | D:3      | Noticed Natasha
  2675 | D:3      | Killed Natasha
  2676 | D:3      | Reached skill level 5 in Short Blades
  2676 | D:3      | Reached skill level 3 in Stealth
  2724 | D:3      | Gained mutation: You sometimes lose the ability to read
                  | scrolls when taking damage. [potion of mutation]
  3013 | D:2      | Lost mutation: You sometimes lose the ability to read
                  | scrolls when taking damage. [potion of mutation]
  3013 | D:2      | Gained mutation: You are partially covered in iridescent
                  | scales. (AC +2) [potion of mutation]
  3013 | D:2      | Gained mutation: You have a somewhat thin skeletal
                  | structure. (Dex +2, Stealth+) [potion of mutation]
  3344 | D:3      | Noticed Grinder
  3355 | D:3      | Reached XP level 6. HP: 8/37 MP: 6/6
  3381 | D:3      | Noticed an ogre
  3384 | D:3      | Killed an ogre
  3385 | D:3      | Reached skill level 1 in Armour
  3385 | D:3      | Reached skill level 4 in Stealth
  3615 | D:3      | Paralysed by Grinder for 4 turns
  3626 | D:3      | Killed Grinder
  3627 | D:3      | Reached XP level 7. HP: 22/42 MP: 7/7
  3634 | D:3      | Reached skill level 5 in Stealth
  4064 | D:3      | Noticed Natasha
  4075 | D:3      | Killed Natasha
  4341 | D:3      | Noticed Natasha
  4349 | D:3      | Killed Natasha
  4580 | D:4      | Reached skill level 5 in Dodging
  4882 | D:4      | Identified the +1 robe of Evolution {rElec Str+3}
  5137 | D:4      | Identified the +5 scale mail "Cosoreus" {Rampage rCorr}
  5372 | D:4      | Reached skill level 6 in Stealth
  5372 | D:4      | Reached XP level 8. HP: 48/48 MP: 8/8
  5584 | D:4      | Found a snail-covered altar of Cheibriados.
  5853 | D:5      | Entered Level 5 of the Dungeon
  5859 | D:5      | Noticed a yak
  5860 | D:5      | Noticed a yak
  5861 | D:5      | Noticed a yak
  5861 | D:5      | Noticed a yak
  5862 | D:5      | Killed a yak
  5862 | D:5      | Noticed a yak
  5864 | D:5      | Noticed a yak
  5885 | D:5      | Killed a yak
  5886 | D:5      | Reached skill level 7 in Stealth
  5902 | D:5      | Killed a yak
  5903 | D:5      | Reached skill level 8 in Stealth
  5903 | D:5      | Killed a yak
  5920 | D:5      | Killed a yak
  5921 | D:5      | Reached skill level 5 in Fighting
  5921 | D:5      | Reached XP level 9. HP: 5/54 MP: 9/9
  6255 | D:5      | Reached skill level 9 in Stealth
  6339 | D:5      | Found a white marble altar of Elyvilon.
  6498 | D:5      | Found a staircase to the Ecumenical Temple.
  6504 | Temple   | Entered the Ecumenical Temple
  6744 | Temple   | Became a worshipper of Uskayaw the Reveller
  6809 | D:5      | Reached * piety under Uskayaw
  6933 | D:5      | Reached ** piety under Uskayaw
  7466 | D:6      | Reached skill level 10 in Stealth
  7472 | D:6      | Reached *** piety under Uskayaw
  7485 | D:6      | Reached **** piety under Uskayaw
  7778 | D:6      | Identified the +2 cloak "Suhetze" {rPois rF- Str+6}
  7834 | D:6      | Noticed Blork the orc
  7838 | D:6      | Killed Blork the orc
  7896 | D:6      | Noticed Pikel
  7899 | D:6      | Noticed Duvessa
  7927 | D:6      | Noticed Dowan
  7933 | D:6      | Killed Duvessa
  7946 | D:6      | Killed Dowan
  8219 | D:6      | Killed Pikel
  8220 | D:6      | Reached skill level 11 in Stealth
  8220 | D:6      | Reached XP level 10. HP: 47/60 MP: 10/10
  8790 | D:7      | Reached ***** piety under Uskayaw
  8830 | D:7      | Noticed Maggie
  8831 | D:7      | Noticed Prince Ribbit
  8855 | D:7      | Killed Maggie
  8856 | D:7      | Killed Prince Ribbit
  9088 | D:7      | Reached skill level 12 in Stealth
  9782 | D:8      | You fall into a shaft and drop 3 floors!
  9824 | D:11     | Found a staircase to the Orcish Mines.
  9829 | D:11     | Noticed a manticore
  9833 | D:11     | Killed a manticore
  9834 | D:11     | Reached skill level 10 in Short Blades
  9871 | D:11     | Killed an unseen horror
  9872 | D:11     | Reached skill level 13 in Stealth
  9911 | D:11     | Found a flagged portal.
  9917 | Bailey   | Entered a bailey
 10129 | Bailey   | Noticed an orc knight
 10131 | Bailey   | Noticed an orc knight
 10136 | Bailey   | Noticed an orc knight
 10156 | Bailey   | Reached skill level 14 in Stealth
 10156 | Bailey   | Reached XP level 11. HP: 18/68 MP: 2/13
 10184 | D:11     | Killed an orc knight
 10185 | D:11     | Reached skill level 5 in Armour
 10185 | D:11     | Reached XP level 12. HP: 20/73 MP: 4/14
 10739 | D:11     | Got the Collected Works on Unstable Enchantment
 10853 | D:11     | Slain by a white ugly thing

Illustrated notes

Levels and vault maps discovered:
D:1:      nagdon_arrival_double_spiral, layout_basic,
          hellmonk_ecumenical_altar_inner_sanctum
D:2:      layout_basic, minmay_heptomino_w4
D:3:      kennysheep_six_static_rooms, layout_loops_ring, uniq_grinder,
          uniq_natasha
D:4:      layout_layer_cave, lemuel_coloured_pillars_altar
D:5:      layout_rooms, mainiacjoe_overflow_alcove_4, lemuel_temple_firewalk_b
D:6:      layout_rooms, st_stairs_1, corexii_corridor_pit, uniq_pikel,
          uniq_blork_the_orc, uniq_duvessa
D:7:      cheibrodos_iron_armory, layout_basic, uniq_maggie, uniq_prince_ribbit1
D:8:      layout_cave_pools, david_lair_shrubbed, uniq_grum
D:11:     nzn_winding_woodlands_three_and_one
          [nzn_winding_woodlands_5x15_parted,
          nzn_winding_woodlands_5x15_pathside_ponds,
          nzn_winding_woodlands_5x15_split_checker,
          nzn_winding_woodlands_center_garden], layout_stronghold,
          enter_bailey_8, hangedman_abyss_or_decor_stagger
Temple:   regret_index_temple_chain_breaker

Skill      XL: |  1  2  3  4  5  6  7  8  9 10 11 |
---------------+----------------------------------+-----
Stealth        | 1 2 3 4 6 8 11 14 | 14.2
Dodging        | 4 5 6 8 9 |  9.5
Fighting       | 3 4 5 7 8 |  8.1
Short Blades   | 5 6 8 9 11 | 11.4
Armour         | 1 2 3 4 5 |  5.1
Throwing       | 3 |  3.1
Invocations    | 2 |  2.7
Evocations     | 3 |  3.3
Slings         | |  0.6

Action                   |  1- 3 |  4- 6 |  7- 9 | 10-12 || total
-------------------------+-------+-------+-------+-------++-------
Melee: Rapier            |    92 |    45 |       |       ||   137
       Dagger            |       |    30 |   331 |   329 ||   690
Throw: Dart              |       |     8 |     2 |     4 ||    14
       Throwing net      |       |     3 |       |     2 ||     5
  Use: Potion            |       |     4 |       |     1 ||     5
       Scroll            |       |     2 |       |     1 ||     3
 Stab: Sleeping          |     8 |     7 |    27 |    17 ||    59
       Held in net/web   |       |     1 |       |     1 ||     2
       Distracted        |       |       |     3 |     1 ||     4
       Paralysed         |       |       |     2 |     3 ||     5
Armor: Leather armour    |    20 |    21 |     3 |       ||    44
       Scale mail        |       |       |    41 |   116 ||   157
       Robe              |       |       |     1 |       ||     1
Dodge: Dodged            |    66 |    63 |   119 |   271 ||   519

Table legend: (Time is in decaauts)
 A = Elapsed time spent in this place.
 B = Non-inter-level travel time spent in this place.
 C = Inter-level travel time spent in this place.
 D = Time resting spent in this place.
 E = Time spent auto-exploring this place.
 F = Levels seen in this place.
 G = Mean time per level.
                   A        B        C        D        E       F      G
               +--------+--------+--------+--------+--------+-----+--------+
         Total |  10560 |  10154 |    406 |   2136 |   6234 |  11 |  960.0 |
       Dungeon |  10084 |   9735 |    349 |   2086 |   6033 |   9 | 1120.4 |
        Temple |    260 |    203 |     57 |      0 |    201 |   1 |  260.0 |
        Bailey |    215 |    215 |      0 |     50 |      0 |   1 |  215.0 |
               +--------+--------+--------+--------+--------+-----+--------+

Top non-repeatable levels by time:
     D:4: 1698 daAuts
     D:1: 1581 daAuts
     D:2: 1547 daAuts
     D:3: 1255 daAuts
     D:6: 1101 daAuts
     D:7: 1028 daAuts
     D:5: 998 daAuts
    D:11: 756 daAuts
  Temple: 260 daAuts
  Bailey: 215 daAuts
     D:8: 116 daAuts
